 Dungeon Crawl Stone Soup version 0.27.0-1-g7a089689b8 (webtiles) character file.

Game seed: 6281563830968966910

3964 Spectrina the Pacifist (level 10, -1/54 HPs)
             Began as a Deep Elf Monk on Aug 8, 2021.
             Was an Elder of Elyvilon.
             Killed by vampiric draining
             ... invoked by a vampire
              (6 damage)
             ... on level 9 of the Dungeon.
             The game lasted 00:58:50 (4132 turns).

Spectrina the Pacifist (Deep Elf Monk)              Turns: 4132, Time: 00:58:51

Health: -1/54      AC: 11    Str:  8    XL:     10   Next: 2%
Magic:  3/23       EV: 15    Int: 25    God:    Elyvilon [****..]
Gold:   1229       SH:  4    Dex: 17    Spells: 13/23 levels left

rFire    . . .     SeeInvis .   q - +9 long sword "Ymupt" {freeze, rN+}
rCold    . . .     Faith    .   F - +0 buckler
rNeg     + . .     Spirit   .   H - +0 acid dragon scales
rPois    .         Reflect  .   X - +2 hat
rElec    .         Harm     .   T - +0 cloak
rCorr    +         Rampage  .   E - +0 pair of gloves
Will     +....                  z - +0 pair of boots
Stlth    ++........             x - amulet of regeneration
HPRegen  1.18/turn              c - +4 ring of evasion
MPRegen  0.18/turn              k - +6 ring of intelligence

@: mighty
A: no striking features
a: Renounce Religion, Lesser Healing, Heal Other, Purification, Greater Healing,
Divine Protection


You were on level 9 of the Dungeon.
You worshipped Elyvilon.
Elyvilon was greatly pleased with you.
You visited 2 branches of the dungeon, and saw 10 of its levels.
You also visited: Ossuary.

You collected 1324 gold pieces.
You spent 95 gold pieces at shops.

Inventory:

Hand Weapons
 b - a +0 hunting sling
 e - a +0 dagger
 g - a +0 short sword
 q - the +9 long sword "Ymupt" (weapon) {freeze, rN+}
   (You found it on level 4 of the Dungeon)

   It freezes those it strikes, dealing additional cold damage.
   It can also slow down cold-blooded creatures.
   rN:        It protects you from negative energy.
 v - a +0 shortbow
 I - a +1 broad axe of flaming
 J - a +5 battleaxe of freezing
 V - a +2 trident of freezing
Missiles
 d - 136 stones
 f - 2 curare-tipped darts
 n - 104 arrows
 B - 16 poisoned darts
 D - 15 sling bullets
 U - 5 javelins
 W - 9 boomerangs (quivered)
Armour
 i - a +0 helmet
 m - a +0 robe
 z - a +0 pair of boots (worn)
 E - a +0 pair of gloves (worn)
 F - a +0 buckler (worn)
 H - +0 acid dragon scales (worn)
 S - a +1 robe of fire resistance
 T - a +0 cloak (worn)
 X - a +2 hat (worn)
Magical Staves
 a - a staff of earth
 y - a staff of conjuration
Jewellery
 c - a +4 ring of evasion (left hand)
 h - the ring "Xygorr" {Wiz rPois rN++ Int+3 Dex-2}
   (You acquired it on level 6 of the Dungeon)

   [ring of wizardry]

   It improves your spell success rate.
   Int:       It affects your intelligence (+3).
   Dex:       It affects your dexterity (-2).
   rPois:     It protects you from poison.
   rN:        It greatly protects you from negative energy.
 k - a +6 ring of intelligence (right hand)
 x - an amulet of regeneration (around neck)
Wands
 t - a wand of flame (17)
 w - a wand of digging (9)
 L - a wand of polymorph (3)
Scrolls
 j - a scroll of summoning {unknown}
 l - a scroll of fog
 o - 4 scrolls of enchant weapon {unknown}
 p - 2 scrolls of teleportation
 s - 2 scrolls of amnesia
 u - 3 scrolls of noise {unknown}
 N - 2 scrolls of magic mapping
Potions
 A - a potion of haste
 C - a potion of curing
 G - a potion of degeneration {unknown}
 K - a potion of attraction {unknown}
 M - a potion of lignification {unknown}
 O - a potion of flight {unknown}
 P - a potion of might
 Q - a potion of invisibility {unknown}
 R - a potion of brilliance {unknown}


   Skills:
 - Level 2.4 Fighting
 - Level 3.0 Short Blades
 - Level 3.6 Dodging
 - Level 2.4 Stealth
 + Level 7.4 Spellcasting
 - Level 6.0 Conjurations
 * Level 2.9 Summonings
 - Level 6.0 Earth Magic
 * Level 10.9 Invocations


You had 13 spell levels left.
You knew the following spells:

 Your Spells              Type           Power      Damage    Failure   Level
a - Stone Arrow           Conj/Erth      78%        3d11      4%          3
l - Leda's Liquefaction   Hex/Erth       12%        N/A       50%         4
p - Call Canine Familiar  Summ           23%        N/A       17%         3

Your spell library contained the following spells:

 Spells                   Type           Power      Damage    Failure   Level
 Gell's Gravitas          Tloc           4%         N/A       50%         3
 Lesser Beckoning         Tloc           4%         N/A       50%         3
 Portal Projectile        Hex/Tloc       18%        N/A       50%         3
 Teleport Other           Tloc           9%         N/A       50%         3
 Bolt of Magma            Conj/Fire/Erth 14%        4d8       71%         5
 Dispersal                Tloc           4%         N/A       100%        6
 Shatter                  Erth           19%        3d18*     100%        9


Dungeon Overview and Level Annotations

Branches:
Dungeon (9/15)             Temple (1/1) D:6         Ossuary (visited)
   Lair: D:8-11         Orc: D:9-12

Altars:
Ashenzari
Cheibriados
Dithmenos
Elyvilon
Fedhas
Gozag
Hepliaklqana
Makhleb
Nemelex Xobeh
Okawaru
Qazlal
Uskayaw
Wu Jian
Yredelemnul
Zin
The Shining One

Shops:
D:4 *

Annotations:
D:3 2 transporters, Sin92's ghost, weakling DsFi
D:8 Erica; Harold


Message History

You have reached level 10!
You barely miss something. Something barely misses you. Something bites you.
Something draws strength from your injuries!
Something hits you but does no damage. Something bites you but does no damage.
Unknown command.
You slash something! You freeze something.
Something hits you but does no damage. Something bites you.
Something draws strength from your injuries!
You slash something! You freeze something. Something hits you.
Something bites you!
Something draws strength from your injuries!
Something draws life force from you!
* * * LOW HITPOINT WARNING * * *
Unknown command.
Okay, then.
You feel better. Something hits you but does no damage. Something bites you.
* * * LOW HITPOINT WARNING * * *
Something draws strength from your injuries!
You barely miss something. Something closely misses you.
Something bites you but does no damage.
You barely miss something. Something draws life force from you.
* * * LOW HITPOINT WARNING * * *
Unknown command.
You feel much better. Something hits you.
Something bites you but does no damage.
Unknown command.
Your shield prevents you from hitting something.
Something hits you. Something bites you but does no damage. Something hits you.
Something bites you!
* * * LOW HITPOINT WARNING * * *
Something draws strength from your injuries!
You hit something but do no damage. Something hits you.
* * * LOW HITPOINT WARNING * * *
Something bites you.
* * * LOW HITPOINT WARNING * * *
Unknown command.
You hit something. Something draws life force from you!
* * * LOW HITPOINT WARNING * * *
Something draws life force from you.
You die...

≈≈≈.. #. #..#)# # #..
≈#≈≈≈. .###....##.##.#
#..
≈≈≈#≈.##...............
#≈≈≈≈...####.#..##.###+
y≈...........##.####
...S............).#
#.####.########.##
#.####.#### #.## #
.........{@# #..####.#
....########
##......### .#
#......... #..##.####
#..# # #..# #..# #..$#
.......


There were no monsters in sight!

Vanquished Creatures
  Pikel (D:7)
  Maggie (D:7)
  3 water moccasins
  Menkaure (D:7)
  A hornet zombie (D:6)
  3 ice beasts
  3 orc warriors
  An ogre (D:4)
  3 centaurs
  A lemure (D:7)
  2 phantoms (D:6)
  A kobold brigand (D:7)
  3 scorpions
  A gnoll sergeant (D:8)
  A wyvern zombie (D:7)
  A water moccasin skeleton (D:6)
  11 wights
  5 jellies
  A howler monkey (D:8)
  2 hounds
  A human zombie (D:7)
  An iguana (D:6)
  An orc wizard (D:6)
  8 mummies (Ossuary)
  5 adders
  7 gnolls
  2 white imps
  An ufetubus (D:6)
  A dart slug (D:4)
  19 orcs
  3 ball pythons
  3 bats
  5 endoplasms
  4 giant cockroaches
  A gnoll zombie (Ossuary)
  4 goblins
  2 hobgoblins (D:3)
  5 jackals (D:3)
  A frilled lizard (D:3)
  3 hobgoblin zombies (Ossuary)
  8 kobolds
  2 kobold zombies (Ossuary)
  2 orc zombies (Ossuary)
  A rat (D:2)
136 creatures vanquished.

Vanquished Creatures (others)
  An orc priest (D:9)
  A gnoll shaman (D:6)
  A gnoll (D:6)
  A fungus (D:9)
  10 plants
14 creatures vanquished.

Grand Total: 150 creatures vanquished

Notes
Turn   | Place    | Note
-------+----------+-------------------------------------------
     0 | D:1      | Spectrina the Deep Elf Monk began the quest for the Orb.
     0 | D:1      | Reached XP level 1. HP: 13/13 MP: 3/3
    73 | D:1      | Reached skill level 1 in Invocations
   304 | D:3      | Noticed a small abomination
   305 | D:3      | Noticed Sin92's ghost (weakling DsFi)
   307 | D:3      | Noticed a small abomination
   307 | D:3      | Noticed a crimson imp
   312 | D:3      | You fall into a shaft and drop 3 floors!
   313 | D:6      | Noticed a phantom
   313 | D:6      | Noticed a centaur
   313 | D:6      | Noticed an orc wizard
   324 | D:6      | Identified 3 scrolls of acquirement
   324 | D:6      | Acquired a staff of earth
   325 | D:6      | Acquired 868 gold pieces
   326 | D:6      | Acquired the ring "Xygorr" {Wiz rPois rN++ Int+3 Dex-2}
   331 | D:6      | Reached skill level 1 in Spellcasting
   331 | D:6      | Reached XP level 2. HP: 7/18 MP: 5/5
   388 | D:5      | Entered Level 5 of the Dungeon
   436 | D:4      | Noticed an ogre
   478 | D:4      | Found a broken altar of Ashenzari.
   692 | D:5      | Found a hide-covered altar of Uskayaw.
   703 | D:5      | Noticed a howler monkey
   777 | D:6      | Found a staircase to the Ecumenical Temple.
  1001 | D:6      | Killed a centaur
  1002 | D:6      | Reached skill level 1 in Conjurations
  1002 | D:6      | Reached skill level 1 in Earth Magic
  1002 | D:6      | Reached skill level 2 in Invocations
  1002 | D:6      | Reached XP level 3. HP: 4/22 MP: 1/8
  1002 | D:6      | Reached XP level 4. HP: 5/27 MP: 1/9
  1007 | Temple   | Entered the Ecumenical Temple
  1048 | Temple   | Became a worshipper of Elyvilon the Healer
  1048 | Temple   | Reached * piety under Elyvilon
  1048 | Temple   | Reached ** piety under Elyvilon
  1102 | D:5      | Learned a level 3 spell: Stone Arrow
  1203 | D:4      | Found Hayxapaq's Elemental Accessories.
  1208 | D:4      | Reached skill level 3 in Invocations
  1257 | D:4      | Bought a wand of flame (17) for 95 gold pieces
  1298 | D:4      | Noticed a scorpion
  1303 | D:4      | Killed a scorpion
  1304 | D:4      | Reached XP level 5. HP: 31/31 MP: 1/11
  1466 | D:2      | You fall into a shaft and drop 1 floor!
  1619 | D:3      | Found a faded altar of an unknown god.
  1683 | D:3      | Found a transporter.
  1701 | D:3      | Found a transporter.
  1800 | D:4      | Reached skill level 4 in Invocations
  1829 | D:4      | Killed an ogre
  1830 | D:4      | Reached XP level 6. HP: 36/36 MP: 5/12
  1977 | D:4      | Noticed an ice beast
  1983 | D:4      | Killed an ice beast
  1984 | D:4      | Reached skill level 5 in Invocations
  1984 | D:4      | Reached XP level 7. HP: 40/40 MP: 4/13
  1997 | D:4      | Identified the +9 long sword "Ymupt" {freeze, rN+}
  2152 | D:2      | Reached *** piety under Elyvilon
  2338 | D:6      | Reached skill level 6 in Invocations
  2429 | D:6      | Reached XP level 8. HP: 45/45 MP: 3/15
  2431 | D:6      | Reached skill level 7 in Invocations
  2453 | D:6      | Reached skill level 5 in Conjurations
  2453 | D:6      | Reached skill level 5 in Earth Magic
  2651 | D:7      | Found a basalt altar of Yredelemnul.
  2653 | D:7      | Found an iron altar of Okawaru.
  2653 | D:7      | Noticed Maggie
  2671 | D:7      | Killed Maggie
  2672 | D:7      | Reached skill level 8 in Invocations
  2708 | D:7      | Found a blossoming altar of Fedhas.
  2708 | D:7      | Found a shadowy altar of Dithmenos.
  2748 | D:8      | Noticed Erica
  3008 | D:7      | Reached XP level 9. HP: 33/49 MP: 17/17
  3080 | D:7      | Reached skill level 9 in Invocations
  3115 | D:7      | Found a sand-covered staircase.
  3116 | D:7      | Noticed Menkaure
  3118 | D:7      | Killed Menkaure
  3119 | D:7      | Reached skill level 5 in Spellcasting
  3120 | D:7      | Noticed Pikel
  3129 | D:7      | Killed Pikel
  3132 | Ossuary  | Entered an ossuary
  3272 | Ossuary  | Reached skill level 10 in Invocations
  3524 | D:7      | Found a runed translucent door.
  3525 | D:7      | Noticed Crazy Yiuf
  3529 | D:7      | Noticed Crazy Yiuf
  3529 | D:7      | Crazy Yiuf changed into Crazy Yiuf the hound
  3530 | D:7      | Killed Crazy Yiuf the hound
  3621 | D:7      | Learned a level 4 spell: Leda's Liquefaction
  3625 | D:7      | Learned a level 3 spell: Call Canine Familiar
  3674 | D:8      | Reached skill level 1 in Summonings
  3831 | D:8      | Noticed Harold
  3956 | D:9      | Reached **** piety under Elyvilon
  4123 | D:9      | Reached XP level 10. HP: 44/54 MP: 1/23
  4132 | D:9      | Killed from afar by a vampire

Illustrated notes

Levels and vault maps discovered:
D:1:      nicolae_arrival_washed_ashore, layout_loops_cross, minivault_24,
          minmay_quantized
D:2:      layout_loops_corners, serial_shops, shop_statue
D:3:      layout_loops_cross, hellmonk_ecumenical_altar_dog_temple,
          gammafunk_ghost_abyssal_escape, serial_bayou_pond_c,
          kennysheep_minor_cross, minmay_fractal_squares_gapless_5
D:4:      layout_rooms, mainiacjoe_overflow_24_doors, nicolae_elemental_shop
D:5:      layout_loops_corners, lemuel_crystal_altar
D:6:      layout_loops_cross, minmay_temple_entry_overgrown, minmay_fountain_box
D:7:      layout_basic, grunt_temple_overflow_open, enter_ossuary_3,
          hangedman_abyss_or_decor_passed, hangedman_decor_slide_cut,
          fountainhead, uniq_maggie, uniq_menkaure, uniq_pikel,
          uniq_crazy_yiuf_cottage
D:8:      layout_rooms, nicolae_ru_great_annihilating_truth, uniq_harold,
          uniq_erica
D:9:      layout_basic, minmay_lair_entry_grove, orc_0_dummy,
          kennysheep_nondescript, minmay_shop_enchanted_jewellery,
          nicolae_lava_and_water, chequers_serial_rivers_micro_c,
          minmay_misc_feat_rows, dk_noncrumbling_3
Temple:   regret_index_temple_waves

Skill      XL: |  1  2  3  4  5  6  7  8  9 |
---------------+----------------------------+-----
Invocations    | 1 2 3 4 5 6 8 10 | 10.9
Spellcasting   | 1 2 3 4 7 |  7.4
Conjurations   | 1 2 3 4 5 6 |  6.0
Earth Magic    | 1 2 3 4 5 6 |  6.0
Summonings     | 2 |  2.9
Fighting       | |  2.4
Short Blades   | |  3.0
Dodging        | |  3.6
Stealth        | |  2.4

Action                   |  1- 3 |  4- 6 |  7- 9 | 10-12 || total
-------------------------+-------+-------+-------+-------++-------
Melee: Short sword       |    21 |       |       |       ||    21
       Rapier            |    23 |    22 |       |       ||    45
       Staff             |       |    10 |    17 |       ||    27
       Long sword        |       |       |   108 |     8 ||   116
 Fire: Shortbow          |       |    41 |     9 |       ||    50
       Hunting sling     |       |       |    60 |       ||    60
Throw: Dart              |       |     1 |     1 |       ||     2
       Stone             |       |       |     1 |       ||     1
       Javelin           |       |       |     1 |       ||     1
 Cast: Stone Arrow       |       |    30 |    74 |       ||   104
Invok: Heal Other        |       |       |     6 |       ||     6
       Divine Protection |       |       |     1 |       ||     1
Evoke: Wand              |       |       |     1 |       ||     1
  Use: Scroll            |     5 |       |     5 |       ||    10
       Potion            |     1 |       |     2 |     2 ||     5
 Stab: Sleeping          |     3 |       |       |       ||     3
Armor: Robe              |     7 |    13 |    20 |       ||    40
       Acid dragon scale |       |       |    35 |     7 ||    42
Dodge: Dodged            |    37 |    33 |   163 |     2 ||   235
Block: Buckler           |       |       |    28 |       ||    28
       Rpst.: Long sword |       |       |    33 |       ||    33
